AoeStats
← chivita

Black Forest

507967803Analyzed
3v3 RM · 10d ago on Sep 20, 2026· 75m 51s· 6 players
Game mode
Random Map
Map size
Normal (6 player)
Population
200
Speed
Normal
Resources
Standard
Victory
Conquest
Starting age
Dark Age
Ending age
Imperial Age
RankedLock teamsTeams togetherTeam positionsShared explorationLock speedFull tech treeHidden civsTurbo modeCheats
Victory
Defeat
🇩🇪 Britons · Germany
957
+17
🇩🇪 Bohemians · Germany
956
+17
🇩🇪 Spanish · Germany
945
+17
🇦🇷 Poles · Argentina
1010
-18
🇺🇸 Hindustanis · United States
990
-18
🇮🇳 Dravidians · India
926
-15
fcn2004
0:54 Loom
10:23 Feudal Age
11:05 Double-Bit Axe
19:14 Castle Age
18:10 Horse Collar
20:32 Heavy Plow
20:45 Bow Saw
20:44 Stone Mining
24:02 Scale Mail Armor
24:27 Pikeman
28:05 Wheelbarrow
31:38 Imperial Age
31:53 Gambesons
32:09 Squires
31:54 Arson
32:23 Bloodlines
32:14 Husbandry
32:37 Chain Mail Armor
32:28 Scale Barding Armor
32:33 Forging
32:43 Hand Cart
35:24 Two-Man Saw
35:15 Ballistics
36:52 Chemistry
36:07 Fortified Wall
36:08 Halberdier
37:55 Elite Conquistador
39:10 Hoardings
38:39 Inquisition
39:00 Conscription
40:49 Plate Mail Armor
40:55 Iron Casting
40:13 Fletching
40:23 Padded Archer Armor
43:46 Blast Furnace
53:30 Hoardings
54:29 Leather Archer Armor
54:10 Bodkin Arrow
54:36 Chain Barding Armor
56:44 Light Cavalry
68:31 Ring Archer Armor
68:02 Bracer
68:38 Plate Barding Armor
75:22 Caravan
Jiwisd
1:03 Loom
13:32 Feudal Age
22:13 Castle Age
20:04 Horse Collar
21:20 Double-Bit Axe
24:36 Heavy Plow
24:50 Bow Saw
27:51 Fletching
28:02 Padded Archer Armor
31:53 Imperial Age
30:08 Wheelbarrow
32:00 Bodkin Arrow
32:06 Scale Mail Armor
32:16 Forging
32:07 Padded Archer Armor
33:34 Squires
33:44 Wagenburg Tactics
33:56 Fervor
34:29 Hand Cart
33:59 Town Watch
34:00 Elite Hussite Wagon
35:51 Chemistry
35:04 Fortified Wall
35:55 Chemistry
35:16 Ballistics
37:21 Houfnice
40:17 Two-Man Saw
39:13 Pikeman
39:21 Elite Skirmisher
41:32 Siege Engineers
46:56 Onager
49:14 Caravan
50:59 Houfnice
57:45 Hussite Reforms
58:01 Conscription
58:16 Chain Mail Armor
58:36 Iron Casting
58:18 Leather Archer Armor
61:58 Plate Mail Armor
61:29 Bracer
61:48 Halberdier
62:15 Arson
65:51 Coinage
70:44 Blast Furnace
70:30 Illumination
70:22 Block Printing
captain_shadow26
0:29 Loom
15:30 Feudal Age
16:50 Horse Collar
23:14 Castle Age
22:47 Stone Mining
22:51 Double-Bit Axe
24:43 Bow Saw
29:09 Heavy Plow
29:42 Gold Mining
30:21 Fortified Wall
33:49 Gold Shaft Mining
36:18 Imperial Age
35:32 Wheelbarrow
34:43 Town Watch
35:08 Padded Archer Armor
35:35 Ballistics
35:32 Fletching
36:28 Leather Archer Armor
36:19 Scale Mail Armor
37:17 Elite Longbowman
39:57 Chemistry
39:17 Hand Cart
38:57 Elite Skirmisher
39:44 Bodkin Arrow
40:22 Pikeman
41:02 Squires
40:47 Gambesons
41:25 Halberdier
43:19 Yeomen
44:41 Ring Archer Armor
44:28 Forging
46:05 Bracer
51:11 Two-Man Saw
50:32 Chain Mail Armor
50:53 Iron Casting
52:06 Plate Mail Armor
54:48 Caravan
55:22 Coinage
56:44 Conscription
57:25 Warwolf
58:14 Siege Engineers
60:43 Man-at-Arms
62:30 Blast Furnace
63:35 Long Swordsman
72:14 Two-Handed Swordsman
73:18 Champion
75:48 Banking
Pp
1:19 Loom
12:54 Feudal Age
13:20 Double-Bit Axe
13:19 Horse Collar
20:20 Castle Age
22:02 Heavy Plow
32:30 Imperial Age
31:05 Town Watch
31:13 Town Watch
32:04 Wheelbarrow
31:26 Gold Mining
31:29 Stone Mining
32:01 Bow Saw
32:01 Caravan
32:19 Husbandry
32:15 Fletching
32:26 Padded Archer Armor
32:32 Scale Barding Armor
32:29 Scale Mail Armor
32:44 Forging
32:47 Town Patrol
33:39 Hand Cart
34:47 Two-Man Saw
35:33 Conscription
35:23 Medical Corps
39:43 Thumb Ring
39:01 Elite Skirmisher
40:47 Chemistry
39:43 Murder Holes
40:08 Ballistics
39:47 Murder Holes
40:04 Masonry
39:45 Siege Elephant
40:51 Bodkin Arrow
41:12 Leather Archer Armor
41:33 Iron Casting
43:58 Wootz Steel
44:21 Fortified Wall
45:18 Bracer
46:19 Blast Furnace
45:53 Ring Archer Armor
46:41 Blast Furnace
48:59 Onager
chivita
12:41 Feudal Age
13:43 Double-Bit Axe
14:53 Horse Collar
18:01 Castle Age
16:48 Scale Barding Armor
16:55 Forging
17:05 Stone Mining
17:07 Gold Mining
19:43 Stone Shaft Mining
23:16 Fervor
26:52 Heavy Plow
30:06 Wheelbarrow
29:49 Bloodlines
32:40 Imperial Age
30:29 Husbandry
30:53 Chain Barding Armor
31:08 Iron Casting
30:23 Loom
30:29 Loom
30:29 Town Watch
30:22 Light Cavalry
31:14 Bow Saw
31:14 Caravan
32:05 Hand Cart
31:51 Town Patrol
34:02 Crop Rotation
33:55 Conscription
33:59 Lechitic Legacy
34:42 Blast Furnace
33:37 Winged Hussar
35:55 Scale Mail Armor
35:18 Elite Obuch
35:29 Cavalier
36:35 Szlachta Privileges
38:15 Chain Mail Armor
39:07 Redemption
40:25 Fortified Wall
40:03 Treadmill Crane
40:44 Masonry
40:15 Cavalier
41:42 Hoardings
41:44 Plate Mail Armor
43:01 Siege Engineers
44:23 Chemistry
44:34 Ballistics
57:37 Fletching
Sonhero1
0:57 Loom
11:10 Feudal Age
16:18 Horse Collar
20:32 Castle Age
18:46 Double-Bit Axe
21:07 Wheelbarrow
20:44 Gold Mining
21:40 Heavy Plow
22:55 Stone Mining
23:49 Bow Saw
27:48 Hand Cart
28:33 Town Watch
32:53 Imperial Age
31:45 Gold Shaft Mining
31:45 Stone Shaft Mining
31:25 Thumb Ring
32:31 Grand Trunk Road
32:33 Caravan
34:39 Two-Man Saw
33:45 Scale Barding Armor
33:40 Scale Mail Armor
33:50 Forging
35:17 Chemistry
34:38 Ballistics
35:25 Heavy Camel Rider
36:05 Husbandry
36:16 Bloodlines
35:43 Pikeman
36:23 Squires
37:03 Iron Casting
36:43 Chain Mail Armor
37:08 Conscription
36:51 Shatagni
37:47 Chain Barding Armor
40:08 Blast Furnace
38:46 Elite Ghulam
40:54 Hoardings
41:29 Imperial Camel Rider
46:38 Plate Barding Armor
45:50 Elite Skirmisher
46:30 Fletching
46:40 Padded Archer Armor
48:12 Bodkin Arrow
49:52 Town Patrol
50:26 Bracer
50:41 Leather Archer Armor
58:54 Onager
69:15 Ring Archer Armor
70:39 Man-at-Arms
Connection lost

Rejoining the realm…

Still unreachable

The connection could not be restored.

Session expired

The server has moved on; the page needs a fresh start.